 Dungeon Crawl Stone Soup version 0.30-a0-305-g026cb31310 (webtiles) character file.

Game seed: 11864879960709636910

80 Gwg the Chopper (level 4, -13/38 HPs)
             Began as a Meteoran Fighter on Oct 21, 2022.
             Mangled by an ogre
             ... wielding a +0 giant spiked club
              (16 damage)
             ... on level 4 of the Dungeon.
             The game lasted 00:04:52 (574 turns).

Gwg the Chopper (Meteoran Fighter)                   Turns: 574, Time: 00:04:52

Health: -13/38     AC:  8    Str: 20    XL:     4   Next: 98%
Magic:  5/5        EV:  9    Int:  9    God:
Gold:   54         SH:  5    Dex: 13    Spells: 3/3 levels left

rFire   . . .      SeeInvis .    a - +0 war axe
rCold   . . .      Faith    .    c - +0 buckler
rNeg    . . .      Spirit   .    b - +0 scale mail
rPois   .          Reflect  .    (no helmet)
rElec   .          Harm     .    (no cloak)
rCorr   .          Rampage  .    f - +0 pair of gloves
Will    .....                    (no boots)
Stlth   ..........               (no amulet)
HPRegen 0.26/turn                (no ring)
MPRegen 0.09/turn                (no ring)

@: mighty, glowing
A: sense surroundings 1, otherworldly, glowing, explore regen
a: no special abilities


You were on level 4 of the Dungeon.
You visited 1 branch of the dungeon, and saw 4 of its levels.

You collected 54 gold pieces.

Inventory:

Hand Weapons
 a - a +0 war axe (weapon)
 m - a +0 mace
Armour
 b - a +0 scale mail (worn)
 c - a +0 buckler (worn)
 f - a +0 pair of gloves (worn)
 l - a +0 chain mail
Scrolls
 g - a scroll of immolation
 i - a scroll of teleportation
 n - a scroll of poison {unknown}
Potions
 e - 2 potions of invisibility
 h - 3 potions of curing {unknown}
 k - a potion of attraction {unknown}


   Skills:
 + Level 3.5 Fighting
 + Level 4.3 Axes
 + Level 4.3 Armour
 + Level 3.9 Shields


You had 3 spell levels left.
You didn't know any spells.
Your spell library contained the following spells:

 Spells                   Type           Power      Damage    Failure   Level
 Iskenderun's Battlesphe  Conj           0%         2d6       100%        5
 Iron Shot                Conj/Erth      0%         9d1       100%        6
 Spellforged Servitor     Conj/Summ      0%         N/A       100%        7


Dungeon Overview and Level Annotations

Branches:
Dungeon (4/15) Zot: 1785
 Temple: D:4-7

Altars:

Annotations:
D:3 Grinder


Innate Abilities, Weirdness & Mutations

You passively map a small area around you.
You are easily found by Zot.
You glow in the dark.
You regain HP and MP as you explore.


Message History

Grinder gestures at you.
You suddenly lose the ability to move!
Grinder drinks a potion.
Grinder flickers and vanishes!
Deactivating autopickup; reactivate with Ctrl-A.
You hear a zap.
Something tries to affect you, but you resist.
You can move again.
There is a stone staircase leading down here.
Pain shoots through your body!
You climb downwards.
Reactivating autopickup.
There is a stone staircase leading up here.
Found a ring mail and a scroll labelled OPRUERPH ODERGH.
n - a scroll labelled OPRUERPH ODERGH An endoplasm comes into view.
The endoplasm quivers.
An ogre comes into view. It is wielding a +0 giant spiked club.
The ogre shouts!
The endoplasm hits you but does no damage.
You hit the endoplasm.
You kill the endoplasm!
As you read the scroll labelled FEUVUI USUDOR, it crumbles to dust.
It is a scroll of identify.
g - a scroll of immolation
As you read the scroll of identify, it crumbles to dust.
i - a scroll of teleportation You feel very mighty all of a sudden.
You slash the ogre!
The ogre is moderately wounded.
The ogre hits you with a +0 giant spiked club!!
Ouch! That really hurt!
* * * LOW HITPOINT WARNING * * *
You completely miss the ogre.
The ogre is lightly wounded.
The ogre hits you with a +0 giant spiked club.
* * * LOW HITPOINT WARNING * * *
You slash the ogre!
The ogre is heavily wounded.
The ogre hits you with a +0 giant spiked club!
You die...

#...###.....##...#...
#....
##.............., ,
#.... ##.............
## ,* ##............
,, ###..........# , *
..##............#
.................# *
.#.........O.....# ,
.......##.@......#
.....## #......#.. *
, ..#.. #..###.....*
.*## #.## #.... , ,
.# * ... *,* * , #.
.. * * .#* . , .#


You could see an ogre.

Vanquished Creatures
  Terence (D:3)
  2 worms (D:2)
  2 dart slugs (D:1)
  A ball python (D:2)
  2 bats (D:2)
  6 endoplasms
  A giant cockroach (D:2)
  4 hobgoblins
  3 jackals (D:1)
  7 frilled lizards
  6 goblins
  5 kobolds
  2 rats
42 creatures vanquished.

Notes
Turn   | Place    | Note
-------+----------+-------------------------------------------
     0 | D:1      | Gwg the Meteoran Fighter began the quest for the Orb.
     0 | D:1      | Reached XP level 1. HP: 19/19 MP: 2/2
    67 | D:1      | Reached XP level 2. HP: 23/26 MP: 3/3
   242 | D:1      | Reached XP level 3. HP: 27/31 MP: 4/4
   401 | D:2      | Reached XP level 4. HP: 38/38 MP: 5/5
   499 | D:3      | Noticed Terence
   506 | D:3      | Killed Terence
   531 | D:3      | Noticed Grinder
   531 | D:3      | Paralysed by Grinder for 5 turns
   566 | D:4      | Noticed an ogre
   574 | D:4      | Mangled by an ogre

Illustrated notes

Levels and vault maps discovered:
D:1:      heliophobic_arrival_ceremonial_halls, layout_basic
D:2:      layout_loops_cross, uniq_crazy_yiuf_cottage
D:3:      layout_rooms, mrwooster_statue_mirror, uniq_terence, uniq_grinder
D:4:      layout_layer_cave, nicolae_qazlal_scattered_showers,
          minmay_temple_entry_sparse_star

Skill      XL: |  1  2  3  4 |
---------------+-------------+-----
Armour         | 4 |  4.3
Axes           | 3 4 |  4.3
Fighting       | |  3.5
Shields        | |  3.9

Action                   |  1- 3 |  4- 6 || total
-------------------------+-------+-------++-------
Melee: War axe           |    73 |    30 ||   103
  Use: Scroll            |       |     2 ||     2
       Potion            |       |     1 ||     1
Armor: Scale mail        |    39 |    15 ||    54
Dodge: Dodged            |    35 |     8 ||    43
Block: Buckler           |    13 |     5 ||    18

Table legend: (Time is in decaauts)
 A = Elapsed time spent in this place.
 B = Non-inter-level travel time spent in this place.
 C = Inter-level travel time spent in this place.
 D = Time resting spent in this place.
 E = Time spent auto-exploring this place.
 F = Levels seen in this place.
 G = Mean time per level.
                   A        B        C        D        E       F      G
               +--------+--------+--------+--------+--------+-----+--------+
         Total |    612 |    612 |      0 |      0 |      0 |   4 |  153.0 |
       Dungeon |    612 |    612 |      0 |      0 |      0 |   4 |  153.0 |
               +--------+--------+--------+--------+--------+-----+--------+

Top non-repeatable levels by time:
     D:1: 377 daAuts
     D:2: 154 daAuts
     D:3: 47 daAuts
     D:4: 33 daAuts
